 Dungeon Crawl Stone Soup version 0.29.1-12-g30fa7ad0bf (webtiles) character file.

Game seed: 16662163377528447978

105 4FPSwarrior the Magician (level 4, -3/33 HPs)
             Began as a Demonspawn Hedge Wizard on Jan 4, 2023.
             Slain by a bullfrog (6 damage)
             ... on level 6 of the Dungeon.
             The game lasted 00:12:23 (3757 turns).

4FPSwarrior the Magician (Demonspawn Hedge Wizard)  Turns: 3757, Time: 00:12:23

Health: -3/33      AC:  6    Str: 10    XL:     4   Next: 54%
Magic:  0/9        EV: 11    Int: 18    God:
Gold:   77         SH:  4    Dex: 12    Spells: 7/10 levels left

rFire   . . .      SeeInvis +   a - +0 dagger
rCold   . . .      Faith    .   (no shield)
rNeg    . . .      Spirit   .   h - +0 leather armour
rPois   .          Reflect  .   c - +0 hat
rElec   .          Harm     .   k - +1 cloak
rCorr   .          Rampage  .   (no gloves)
Will    .....                   j - +0 pair of boots
Stlth   ++........              (no amulet)
HPRegen 0.11/turn               n - ring of see invisible
MPRegen 0.11/turn               (no ring)

@: hasted, very quick
A: hooves 1, condensation shield, weakness stinger 1
a: no special abilities


You were on level 6 of the Dungeon.
You visited 1 branch of the dungeon, and saw 4 of its levels.

You collected 77 gold pieces.

Inventory:

Hand Weapons
 a - a +0 dagger (weapon)
Armour
 b - a +0 robe
 c - a +0 hat (worn)
 h - a +0 leather armour (worn)
 j - a +0 pair of boots (worn)
 k - a +1 cloak (worn)
Jewellery
 n - a ring of see invisible (left hand)
Wands
 o - a wand of quicksilver (6)
Scrolls
 e - a scroll of enchant armour {unknown}
 g - 2 scrolls of teleportation
 l - a scroll of immolation
 p - a scroll of torment {unknown}
Potions
 d - a potion of magic
 i - a potion of might
 m - 2 potions of attraction


   Skills:
 + Level 2.0 Fighting
 - Level 1.7 Dodging
 - Level 1.7 Stealth
 + Level 3.7 Spellcasting
 + Level 2.4 Conjurations
 + Level 1.6 Summonings
 - Level 0.8 Translocations


You had 7 spell levels left.
You knew the following spells:

 Your Spells              Type           Power      Damage    Failure   Level
a - Magic Dart            Conj           48%        1d5       8%          1
b - Call Imp              Summ           9%         N/A       16%         2

Your spell library contained the following spells:

 Spells                   Type           Power      Damage    Failure   Level
 Slow                     Hex            12%        N/A       21%         1
 Blink                    Tloc           12%        N/A       22%         2
 Conjure Flame            Conj/Fire      7%         6-21      36%         3
 Mephitic Cloud           Conj/Pois/Air  6%         N/A       41%         3


Dungeon Overview and Level Annotations

Branches:
Dungeon (6/15)
 Temple: D:4-7

Altars:
Xom


Innate Abilities, Weirdness & Mutations

You have large cloven feet.
A meltable shield of frost defends you. (SH +4)
You have a small tail.


Message History

Press: ? - help, Shift-Dir - straight line, f/p - bullfrog
Aim: a bullfrog (lightly wounded, ally target, 100% to hit)
The magic dart hits the bullfrog.
The bullfrog is moderately wounded.
The bullfrog hits you.
Your white imp barely misses the bullfrog.
Casting: Magic Dart (safe; 8% risk of failure)
Confirm with . or Enter, or press ? or * to list all spells.
Aiming: Magic Dart (safe; 8% risk of failure)
Press: ? - help, Shift-Dir - straight line, f/p - bullfrog
Aim: a bullfrog (moderately wounded, ally target, 100% to hit)
The magic dart hits the bullfrog.
The bullfrog is heavily wounded.
The bullfrog hits you.
Your white imp misses the bullfrog.
The bullfrog hits you!
* * * LOW HITPOINT WARNING * * *
You feel yourself speed up. The bullfrog barely misses you.
Your white imp gestures at the bullfrog.
The puff of frost hits the bullfrog.
The bullfrog hits your white imp! The bullfrog hits your white imp.
Your white imp dies!
Your white imp disappears in a puff of smoke!
Casting: Magic Dart (safe; 8% risk of failure)
Confirm with . or Enter, or press ? or * to list all spells.
You miscast Call Imp.
You are very lightly contaminated with residual magic.
Nothing appears to happen.
The bullfrog gives a loud, deep croak!
The bullfrog attacks as you move away! You block the bullfrog's attack.
The bullfrog attacks as you move away! The bullfrog barely misses you.
Your magical contamination has completely faded away.
Casting: Call Imp (safe; 16% risk of failure)
Confirm with . or Enter, or press ? or * to list all spells.
A beastly little devil appears in a puff of flame.
The bullfrog hits you.
* * * LOW HITPOINT WARNING * * *
The bullfrog attacks as you move away! The bullfrog hits you.
* * * LOW HITPOINT WARNING * * *
The bullfrog attacks as you move away! The bullfrog hits you.
You die...

####.......... ##########
#.......... #........####
#..>......#
###...##[...####........##
###.#####...#..#####....
#..######...## #####
##..)##....## #
###..#.##.......#
##@..########.. #F..#####
#5#.....####
####.#####....# ##....#
####.## #..#### #..# #.##
##.## #.# #>.# #.# ##.#


You could see a bullfrog (ally target) and a friendly crimson imp (summoned).

Vanquished Creatures
  A jelly (D:6)
  2 adders
  A dart slug (D:1)
  2 orcs (D:1)
  2 bats (D:1)
  2 endoplasms
  2 giant cockroaches
  6 goblins
  5 hobgoblins (D:1)
  4 kobolds
  A quokka (D:1)
  7 ball pythons
  A frilled lizard (D:1)
  4 rats
40 creatures vanquished.

Vanquished Creatures (collateral kills)
  An adder (D:2)
  An endoplasm (D:2)
  2 jackals (D:2)
4 creatures vanquished.

Grand Total: 44 creatures vanquished

Notes
Turn   | Place    | Note
-------+----------+-------------------------------------------
     0 | D:1      | 4FPSwarrior the Demonspawn Hedge Wizard began the quest for
                  | the Orb.
     0 | D:1      | Reached XP level 1. HP: 13/13 MP: 4/4
   179 | D:1      | Discovered your monstrous ancestry.
   179 | D:1      | Gained mutation: You have large cloven feet. [demonic
                  | ancestry]
   179 | D:1      | Reached XP level 2. HP: 20/20 MP: 0/6
   715 | D:1      | Reached skill level 1 in Fighting
  1794 | D:1      | Gained mutation: You have a small tail. [demonic ancestry]
  1794 | D:1      | Reached XP level 3. HP: 18/26 MP: 3/7
  2231 | D:1      | Learned a level 2 spell: Call Imp
  2304 | D:2      | HP: 1/26 [something (1)]
  2674 | D:2      | Found a faded altar of an unknown god.
  3297 | D:2      | Found a shimmering altar of Xom.
  3487 | D:3      | Gained mutation: A meltable shield of frost defends you.
                  | (SH +4) [demonic ancestry]
  3487 | D:3      | Reached XP level 4. HP: 33/33 MP: 6/9
  3582 | D:3      | You fall into a shaft and drop 3 floors!
  3673 | D:6      | Noticed a water moccasin
  3726 | D:6      | Noticed a bullfrog
  3757 | D:6      | Slain by a bullfrog

Illustrated notes

Levels and vault maps discovered:
D:1:      psy_arrival_radial02, layout_rooms, nicolae_figureground_sparkle
D:2:      layout_rooms, shapermc_ecumenical_altar_ellora, basic_altar,
          kennysheep_nondescript
D:3:      layout_loops_corners, st_stairs_14, uniq_grinder
D:6:      layout_rooms, grunt_temple_overflow_diamond, eino_curves_02,
          uniq_eustachio

Skill      XL: |  1  2  3  4 |
---------------+-------------+-----
Fighting       | 1 2 |  2.0
Conjurations   | 2 |  2.4
Dodging        | |  1.7
Stealth        | |  1.7
Spellcasting   | |  3.7
Summonings     | |  1.6
Translocations | |  0.8

Action                   |  1- 3 |  4- 6 || total
-------------------------+-------+-------++-------
Melee: Dagger            |    48 |       ||    48
       Kick              |     8 |       ||     8
       Tailslap          |     2 |       ||     2
 Cast: Magic Dart        |   108 |     6 ||   114
       Call Imp          |     5 |     5 ||    10
  Use: Scroll            |     2 |     4 ||     6
       Potion            |     1 |     1 ||     2
Armor: Robe              |    18 |       ||    18
       Leather armour    |    23 |     1 ||    24
Dodge: Dodged            |    81 |     4 ||    85
Block: Other             |       |     1 ||     1
